 Dungeon Crawl Stone Soup version 0.18-a0-23-g19353e1 (webtiles) character file.

122193 Duffy the Brawler (level 16, -16/158 HPs)
             Began as a Troll Fighter on Nov 2, 2015.
             Was the Champion of Cheibriados.
             Shot with a bolt by a naga sharpshooter (26 damage)
             ... on level 2 of the Snake Pit.
             The game lasted 01:02:24 (26392 turns).

Duffy the Brawler (Troll Fighter)                  Turns: 26392, Time: 01:02:24

Health: -16/158    AC: 26    Str: 48    XL:     16   Next: 34%
Magic:  4/22       EV: 19    Int: 20    God:    Cheibriados [******]
Gold:   122        SH:  0    Dex: 25    Spells: 4 memorised, 5 levels left

rFire  + + .     SeeInvis .       - Unarmed
rCold  + . .     Clarity  .     H - +7 fire dragon armour "Asatsuit" {rF++ rC- Str+2}
rNeg   . . .     SustAt   .     (no shield)
rPois  .         Gourm    +     a - +2 hat
rElec  .         Spirit   .     T - +2 cloak {rC+}
rCorr  .         Warding  .     (gloves unavailable)
rMut   .         Stasis   .     (boots unavailable)
MR     +....                    C - amulet of faith
Stlth  ..........               Y - ring of protection from cold
                                R - ring of poison resistance

@: lethally poisoned (-16 -> -17), poison vulnerable, very slow, somewhat
resistant to hostile enchantments, extremely unstealthy
A: unfitting armour, claws 3, fast metabolism 3, gourmand, regeneration 2,
shaggy fur 1, tough skin 2
a: Bend Time, Temporal Distortion, Slouch, Step From Time, Renounce Religion


You were on level 2 of the Snake Pit.
You worshipped Cheibriados.
Cheibriados was exalted by your worship.
You were very full.

You visited 5 branches of the dungeon, and saw 30 of its levels.
You also visited: Ice Cave and Volcano.

You collected 2822 gold pieces.
You spent 2700 gold pieces at shops.


Innate Abilities, Weirdness & Mutations

You are too large for most types of armour.
You have claws for hands.
Your metabolism is lightning-fast.
You like to eat raw meat.
You heal very quickly.
You are covered in fur (AC +1).
You have very tough skin (AC +2).


   Skills:
 - Level 10.2 Fighting
 - Level 10.0 Throwing
 + Level 7.7 Armour
 + Level 11.3 Dodging
   Level 2.4 Shields
 - Level 16.0 Unarmed Combat
 - Level 10.0 Invocations
 - Level 3.0 Evocations


You had 5 spell levels left.
You knew the following spells:

 Your Spells              Type           Power        Failure   Level  Hunger
a - Apportation           Tloc           #.........   30%         1    ##.....
c - Portal Projectile     Tloc           #.....       86%         3    ####...
d - Passage of Golubria   Tloc           N/A          100%        4    #####..
B - Blink                 Tloc           N/A          47%         2    ###....

Inventory:

Hand Weapons
 E - a +2 blowgun
Missiles
 m - 4 throwing nets
 o - 50 large rocks (quivered)
 p - 63 poisoned needles
 x - 7 curare-tipped needles
Armour
 a - a +2 hat (worn)
 H - the +7 fire dragon armour "Asatsuit" (worn) {rF++ rC- Str+2}

   It affects your strength (+2).
   It greatly protects you from fire.
   It makes you vulnerable to cold.
 T - a +2 cloak of cold resistance (worn)
Jewellery
 j - an uncursed ring of protection from fire
 C - an amulet of faith (around neck)
 J - an uncursed ring of flight
 R - a ring of poison resistance (left claw)
 Y - a ring of protection from cold (right claw)
Wands
 b - a wand of heal wounds (8)
 s - a wand of digging (12)
 t - a wand of heal wounds (9)
 u - a wand of fire (7)
 w - a wand of paralysis (15)
 L - a wand of cold (1)
 O - a wand of disintegration (17)
 P - a wand of cold (3)
 S - a wand of cold (10)
 U - a wand of disintegration (6)
 X - a wand of teleportation (2)
Scrolls
 e - a scroll of silence {unknown}
 i - 13 scrolls of teleportation
 r - 12 scrolls of remove curse
 y - 5 scrolls of fog
 A - 2 scrolls of fear
 B - a scroll of blinking
 F - 2 scrolls of magic mapping
 I - 2 scrolls of immolation
 K - 2 scrolls of summoning
 V - a scroll of recharging
Potions
 c - 8 potions of might
 h - 2 potions of agility
 k - a potion of magic
 n - 18 potions of curing
 q - 4 potions of flight
 W - 3 potions of heal wounds
 Z - 4 potions of resistance
Comestibles
 d - 13 bread rations
 f - 14 meat rations
 g - a slice of pizza
 G - 17 royal jellies

Dungeon Overview and Level Annotations

Branches:
Dungeon (15/15)            Temple (1/1) D:7            Lair (8/8) D:8
  Swamp (0/4) Lair:3        Snake (2/4) Lair:5        Slime (0/6) Lair:8
    Orc (4/4) D:10            Elf (0/3) Orc:3        Vaults (0/5) D:13
 Depths (0/5) D:15

Altars:
Ashenzari
Cheibriados
Dithmenos
Elyvilon
Fedhas
Gozag
Kikubaaqudgha
Makhleb
Nemelex Xobeh
Okawaru
Qazlal
Ru
Sif Muna
Trog
Vehumet
Xom
Yredelemnul
Zin
The Shining One
Beogh
Jiyva

Shops:
Orc:1 ?   Orc:2 %   Orc:4 :([*   Snake:1 ?[*(


Message History

The splash of poison misses you.
The naga sharpshooter shoots a bolt.
The bolt hits you but does no damage.
The naga sharpshooter shoots an arrow.
The arrow completely misses you.
The naga sharpshooter spits poison at you.
The splash of poison misses you.
The naga sharpshooter mumbles some strange words.
The naga sharpshooter magically shoots a bolt.
The bolt hits you but does no damage.
Items here: (( ) [ † 5 bolts; an arrow; a dagger of venom; a robe; a naga corpse You feel sick.
The naga sharpshooter casts a spell.
The naga sharpshooter magically shoots a bolt.
The bolt hits you.
The naga sharpshooter casts a spell.
The naga sharpshooter magically shoots a bolt.
The bolt hits you!
The naga sharpshooter shoots an arrow.
The arrow completely misses you.
The naga sharpshooter shoots a bolt.
The bolt closely misses you.
The naga sharpshooter spits poison at you.
The splash of poison hits you!
You are more poisoned.
The naga sharpshooter spits poison at you.
The splash of poison misses you.
Things that are here:
4 bolts; an arrow You feel sick.
The naga sharpshooter mumbles some strange words.
The naga sharpshooter magically shoots an arrow.
The arrow hits you but does no damage.
The naga sharpshooter shoots a bolt.
The bolt hits you!
The naga sharpshooter gestures wildly while chanting.
The naga sharpshooter magically shoots a bolt.
The bolt hits you!!
You die...

# #. ..#.#.
###.#.#.###
#.#.......
...#.#(.$
#......#######..
#>........(.....
#..._..@<..###.
#.....((.....)..
#...N((.........
#...)(..........
#....N.....)....
...N.......#.###..
...N..##<....# .
...).. ......#
...... .....(#


You could see 4 naga sharpshooters.

Action                   |  1- 3 |  4- 6 |  7- 9 | 10-12 | 13-15 | 16-18 || total
-------------------------+-------+-------+-------+-------+-------+-------++-------
Melee: Unarmed           |    88 |    89 |   323 |   619 |  1437 |   152 ||  2708
Throw: Large rock        |       |       |       |    14 |    12 |     4 ||    30
Invok: Slouch            |       |       |       |       |    15 |     4 ||    19
Evoke: Wand              |       |       |       |    25 |     5 |       ||    30
  Use: Scroll            |       |       |     7 |     9 |    16 |     9 ||    41
       Potion            |       |       |       |     1 |       |       ||     1
 Stab: Distracted        |       |       |       |     1 |     1 |     2 ||     4
       Sleeping          |       |       |       |       |     3 |     1 ||     4
  Eat: Chunk             |    14 |    16 |    34 |    33 |    93 |    13 ||   203

Notes
Turn   | Place    | Note
--------------------------------------------------------------
     0 | D:1      | Duffy the Troll Fighter began the quest for the Orb.
     0 | D:1      | Reached XP level 1. HP: 22/22 MP: 0/0
   158 | D:1      | Reached XP level 2. HP: 29/29 MP: 1/1
   389 | D:1      | Reached skill level 3 in Unarmed Combat
  1019 | D:2      | Reached XP level 3. HP: 21/36 MP: 2/2
  1125 | D:2      | Reached skill level 4 in Unarmed Combat
  1433 | D:2      | Reached XP level 4. HP: 44/44 MP: 3/3
  1773 | D:3      | Found a radiant altar of Vehumet.
  1898 | D:3      | Noticed Jessica
  1900 | D:3      | Killed Jessica
  1900 | D:3      | Reached skill level 5 in Unarmed Combat
  2046 | D:3      | Noticed Purgy
  2062 | D:3      | Killed Purgy
  2062 | D:3      | Reached skill level 6 in Unarmed Combat
  2062 | D:3      | Reached XP level 5. HP: 43/50 MP: 4/4
  2251 | D:4      | Found a glowing silver altar of Zin.
  2379 | D:4      | Noticed an ice beast
  2390 | D:4      | Killed an ice beast
  2390 | D:4      | Reached XP level 6. HP: 42/59 MP: 5/5
  2620 | D:4      | Reached skill level 7 in Unarmed Combat
  2685 | D:4      | Noticed Eustachio
  2711 | D:4      | Killed Eustachio
  2711 | D:4      | Reached XP level 7. HP: 58/66 MP: 6/6
  2839 | D:4      | Found an opulent altar of Gozag.
  3148 | D:5      | Entered Level 5 of the Dungeon
  3157 | D:5      | Reached skill level 8 in Unarmed Combat
  3424 | D:5      | Found a blossoming altar of Fedhas.
  3455 | D:5      | Reached skill level 9 in Unarmed Combat
  3491 | D:5      | Noticed a wyvern
  3496 | D:5      | Killed a wyvern
  3546 | D:5      | Found an ancient bone altar of Kikubaaqudgha.
  3728 | D:5      | Reached XP level 8. HP: 72/74 MP: 7/7
  3776 | D:4      | Noticed radek's ghost (amateur DECj)
  3830 | D:4      | Killed radek's ghost
  3830 | D:4      | Reached skill level 10 in Unarmed Combat
  3980 | D:5      | Found a bloodstained altar of Trog.
  4313 | D:6      | Reached skill level 1 in Armour
  4672 | D:6      | Reached skill level 3 in Dodging
  4693 | D:6      | Reached skill level 3 in Fighting
  4780 | D:6      | Reached skill level 2 in Armour
  4859 | D:6      | Noticed Grinder
  4871 | D:6      | Killed Grinder
  4871 | D:6      | Reached XP level 9. HP: 53/83 MP: 8/8
  5077 | D:7      | Noticed Pikel
  5137 | D:6      | Killed Pikel
  5137 | D:6      | Reached skill level 3 in Armour
  5182 | D:7      | Reached skill level 4 in Fighting
  5182 | D:7      | Reached skill level 4 in Dodging
  5262 | D:7      | Noticed Joseph
  5292 | D:6      | Killed Joseph
  5292 | D:6      | Reached skill level 11 in Unarmed Combat
  5563 | D:7      | Found a burning altar of Makhleb.
  5656 | D:7      | Found a staircase to the Ecumenical Temple.
  5699 | Temple   | Entered the Ecumenical Temple
  5707 | Temple   | Became a worshipper of Cheibriados the Contemplative
  5776 | D:7      | Found a glowing golden altar of the Shining One.
  6223 | D:8      | Found a staircase to the Lair.
  6226 | D:8      | Reached * piety under Cheibriados
  6292 | D:8      | Found a sacrificial altar of Ru.
  6402 | D:8      | Reached skill level 4 in Armour
  6415 | D:8      | Reached XP level 10. HP: 94/94 MP: 9/9
  6469 | D:8      | Reached skill level 5 in Fighting
  6469 | D:8      | Reached skill level 5 in Dodging
  6779 | D:9      | Reached ** piety under Cheibriados
  6782 | D:10     | Entered Level 10 of the Dungeon
  6797 | D:10     | Found an ancient bone altar of Kikubaaqudgha.
  6994 | D:9      | Found a sparkling altar of Nemelex Xobeh.
  7023 | D:9      | Noticed a brown ugly thing
  7040 | D:9      | Killed a brown ugly thing
  7102 | D:9      | Found an iron altar of Okawaru.
  7412 | D:9      | Reached *** piety under Cheibriados
  7452 | D:9      | Found a shattered altar of Ashenzari.
  7466 | D:9      | Found a shadowy altar of Dithmenos.
  7676 | D:9      | Found a bloodstained altar of Trog.
  7679 | D:9      | Found a sparkling altar of Nemelex Xobeh.
  7751 | D:10     | Reached skill level 5 in Armour
  7869 | D:10     | Noticed a hill giant
  7884 | D:10     | Killed a hill giant
  7884 | D:10     | Reached skill level 6 in Fighting
  7884 | D:10     | Reached skill level 6 in Dodging
  7884 | D:10     | Reached skill level 12 in Unarmed Combat
  7963 | D:10     | Reached **** piety under Cheibriados
  7965 | D:10     | Reached skill level 1 in Invocations
  8048 | D:10     | Reached XP level 11. HP: 105/105 MP: 10/10
  8165 | D:10     | Found a staircase to the Orcish Mines.
  8328 | D:10     | Found a shadowy altar of Dithmenos.
  8416 | D:11     | Noticed a hill giant
  8430 | D:11     | Killed a hill giant
  8430 | D:11     | Reached skill level 2 in Invocations
  8541 | D:11     | Reached ***** piety under Cheibriados
  8576 | D:11     | Reached skill level 6 in Armour
  8657 | D:11     | Noticed a five-headed hydra
  8662 | D:11     | Killed a five-headed hydra
  8662 | D:11     | Reached skill level 3 in Invocations
  8791 | D:11     | Reached skill level 7 in Dodging
  8949 | D:11     | Found a viscous altar of Jiyva.
  8951 | D:11     | Killed an unseen horror
  8951 | D:11     | Reached skill level 7 in Fighting
  9306 | D:11     | Reached skill level 4 in Invocations
  9465 | D:12     | Noticed a six-headed hydra
  9510 | D:12     | Killed a ten-headed hydra
  9510 | D:12     | Reached skill level 5 in Invocations
  9719 | D:12     | Reached skill level 6 in Invocations
  9720 | D:12     | Reached ****** piety under Cheibriados
  9770 | D:12     | Noticed a four-headed hydra
  9774 | D:12     | Killed a four-headed hydra
  9774 | D:12     | Reached XP level 12. HP: 118/118 MP: 14/16
 10050 | D:13     | Found a bloodstained altar of Trog.
 10060 | D:13     | Reached skill level 7 in Invocations
 10170 | D:13     | Found a frozen archway.
 10177 | IceCv    | Entered an ice cave
 10179 | IceCv    | Reached skill level 8 in Invocations
 10191 | IceCv    | Reached skill level 1 in Throwing
 10201 | IceCv    | Reached skill level 2 in Throwing
 10209 | IceCv    | Reached skill level 3 in Throwing
 10277 | IceCv    | Reached skill level 4 in Throwing
 10519 | IceCv    | Reached skill level 5 in Throwing
 10648 | IceCv    | Reached skill level 6 in Throwing
 10667 | IceCv    | Noticed a frost giant
 10696 | IceCv    | Killed a frost giant
 10696 | IceCv    | Reached skill level 7 in Throwing
 10976 | D:13     | Reached skill level 8 in Throwing
 11111 | D:13     | Noticed a vault guard
 11123 | D:13     | Killed a vault guard
 11123 | D:13     | Reached XP level 13. HP: 112/124 MP: 15/18
 11127 | D:13     | Reached skill level 9 in Throwing
 11182 | D:13     | Found a gate to the Vaults.
 11816 | D:14     | Reached skill level 10 in Throwing
 12339 | D:14     | Reached skill level 7 in Armour
 12500 | D:15     | Entered Level 15 of the Dungeon
 12599 | D:15     | Reached skill level 8 in Fighting
 12666 | D:15     | Reached skill level 8 in Dodging
 12881 | D:15     | Found a staircase to the Depths.
 12969 | D:15     | Noticed Rupert
 12984 | D:15     | Killed Rupert
 13068 | D:15     | Found a snail-covered altar of Cheibriados.
 13345 | D:15     | Noticed Agnes
 13357 | D:15     | Killed Agnes
 13357 | D:15     | Reached skill level 9 in Fighting
 13363 | D:15     | Reached skill level 9 in Dodging
 13502 | D:15     | Reached XP level 14. HP: 135/140 MP: 17/19
 13872 | Lair:1   | Entered Level 1 of the Lair of Beasts
 15264 | Lair:3   | Noticed Maud
 15273 | Lair:3   | Killed Maud
 15310 | Lair:3   | Noticed Harold
 15325 | Lair:3   | Killed Harold
 15406 | Lair:3   | Noticed Nergalle
 15416 | Lair:3   | Killed Nergalle
 15416 | Lair:3   | Reached skill level 10 in Fighting
 15416 | Lair:3   | Reached skill level 10 in Dodging
 15838 | Lair:3   | Found a staircase to the Swamp.
 17482 | Lair:5   | Found a staircase to the Snake Pit.
 17940 | Lair:5   | Reached skill level 11 in Dodging
 18368 | Lair:5   | Reached skill level 1 in Evocations
 18454 | Lair:6   | Reached skill level 13 in Unarmed Combat
 18454 | Lair:6   | Reached skill level 2 in Evocations
 18456 | Lair:6   | Reached XP level 15. HP: 114/149 MP: 5/20
 19133 | Lair:7   | Reached skill level 3 in Evocations
 19300 | Lair:7   | Noticed Nessos
 19301 | Lair:7   | Killed Nessos
 20010 | Lair:8   | Entered Level 8 of the Lair of Beasts
 20129 | Lair:8   | Reached skill level 9 in Invocations
 20448 | Lair:8   | Found a viscous altar of Jiyva.
 20449 | Lair:8   | Found a staircase to the Slime Pits.
 20788 | Lair:8   | Reached skill level 14 in Unarmed Combat
 21186 | Lair:8   | Reached skill level 10 in Invocations
 21616 | Orc:1    | Entered Level 1 of the Orcish Mines
 21618 | Orc:1    | Found Lishopigu's Magic Scroll Boutique.
 21802 | Orc:2    | Found a roughly hewn altar of Beogh.
 21847 | Orc:2    | Found a dark tunnel.
 21865 | Volcano  | Entered a volcano
 22035 | Orc:2    | Found Ekhlymp's Food Shoppe.
 22326 | Orc:1    | Found a bloodstained altar of Trog.
 22921 | Orc:3    | Found a staircase to the Elven Halls.
 23485 | Orc:3    | Noticed Erolcha
 23488 | Orc:3    | Killed Erolcha
 23527 | Orc:3    | Found a roughly hewn altar of Beogh.
 23527 | Orc:3    | Noticed Josephine
 23536 | Orc:3    | Killed Josephine
 23536 | Orc:3    | Reached skill level 15 in Unarmed Combat
 23708 | Orc:4    | Entered Level 4 of the Orcish Mines
 23708 | Orc:4    | Found a bloodstained altar of Trog.
 24143 | Orc:4    | Found Cuvyonn's Antique Armour Shop.
 24151 | Orc:4    | Bought an embroidered hat for 128 gold pieces
 24198 | Orc:4    | Found a burning altar of Makhleb.
 24279 | Orc:4    | Reached XP level 16. HP: 150/158 MP: 22/22
 24299 | Orc:4    | Found Lyzxit's Antique Weapon Shop.
 24428 | Orc:4    | Found Qemizoed's Book Boutique.
 24709 | Orc:4    | Found Xonlei's General Store.
 25026 | Orc:4    | Bought a scroll of fog for 26 gold pieces
 25026 | Orc:4    | Bought a scroll of enchant armour for 97 gold pieces
 25026 | Orc:4    | Bought a scroll of identify for 26 gold pieces
 25111 | Orc:1    | Bought a scroll of acquirement for 832 gold pieces
 25111 | Orc:1    | Bought a scroll of teleportation for 48 gold pieces
 25111 | Orc:1    | Bought a scroll of magic mapping for 56 gold pieces
 25111 | Orc:1    | Bought a scroll of identify for 32 gold pieces
 25111 | Orc:1    | Bought a scroll of teleportation for 48 gold pieces
 25111 | Orc:1    | Bought a scroll of identify for 32 gold pieces
 25111 | Orc:1    | Bought a scroll of fog for 32 gold pieces
 25111 | Orc:1    | Bought a scroll of recharging for 152 gold pieces
 25111 | Orc:1    | Bought a scroll of identify for 32 gold pieces
 25111 | Orc:1    | Bought a scroll of recharging for 152 gold pieces
 25111 | Orc:1    | Bought a scroll of identify for 32 gold pieces
 25118 | Orc:1    | Got a crude fire dragon armour
 25119 | Orc:1    | Identified the +7 fire dragon armour "Asatsuit" {rF++ rC- Str+2} (You acquired it on level 1 of the Orcish Mines)
 25195 | Orc:4    | Bought a book of Spatial Translocations for 975 gold pieces
 25339 | Lair:1   | Learned a level 1 spell: Apportation
 25342 | Lair:1   | Learned a level 2 spell: Blink
 25346 | Lair:1   | Learned a level 3 spell: Portal Projectile
 25351 | Lair:1   | Learned a level 4 spell: Passage of Golubria
 25482 | Snake:1  | Entered Level 1 of the Snake Pit
 25497 | Snake:1  | Found Jyuh's Weapon Shop.
 25557 | Snake:1  | Reached skill level 16 in Unarmed Combat
 25638 | Snake:1  | Found Suon's General Store.
 25769 | Snake:1  | Found Nenifea's Armour Shoppe.
 25963 | Snake:1  | Found Qofoxuyn's Magic Scroll Boutique.
 26379 | Snake:2  | Found a blossoming altar of Fedhas.
 26392 | Snake:2  | Shot with a bolt by a naga sharpshooter

Vault maps used:
D:1:      dpeg_arrival_rooms_with_view
D:3:      fiery_altar_vehumet, uniq_jessica, uniq_purgy
D:4:      zin_scriptorium, old_standard_altar, gup_ossuary_entry_pyramid,
          uniq_eustachio
D:5:      fedhas_altar_1, lemuel_coloured_pillars_altar, first_bread,
          minmay_misc_feat_tower, trog_hazing_becter
D:6:      uniq_grinder
D:7:      old_standard_altar, tso_oasis_becter, minmay_temple_entry_hall,
          uniq_joseph, uniq_pikel
D:8:      lemuel_crystal_altar, grunt_lair_entry_elf_guard_hut
D:9:      overflow_temple_1_default, nicolae_overflow_crystal_walls,
          okawaru_trees_1, minitemple, grunt_pizzeria, nemelex_dance_club_becter
D:10:     erik_orc_2, basic_altar, nicolae_dithmenos_through_a_glass_darkly
D:11:     jiyva_altar_1
D:13:     david_vaults_5, basic_altar, portal_ice_cave_entry_pillars_02
D:14:     serial_bayou_pond_d
D:15:     gammafunk_depths_entry_grave, minmay_misc_feat_enclosed,
          cheibriados_altar_1, uniq_rupert, uniq_agnes
Temple:   nicolae_temple_no_exploring_needed
Lair:2:   bh_autumn_forest_stairs
Lair:3:   swamp_mist_pool, lemuel_fruit_fields, infiniplex_staircase_pool,
          uniq_maud, uniq_harold, uniq_nergalle
Lair:5:   guppyfry_snake_entry_garden
Lair:6:   minmay_stone_trees_medium
Lair:7:   lemuel_fruit_tree, uniq_nessos
Lair:8:   grunt_lair_end_beastmaster, slime_altar_1
Snake:1:  serial_shops, shop, shop, nicolae_shop_trees, shop,
          grunt_megastairs_4, serial_bayou_shore_a
Snake:2:  serial_shops, shop, basic_altar
Orc:1:    serial_shops, shop_fountains, trog_book
Orc:2:    basic_altar, nicolae_volcano_entry_two_sided, serial_shops, shop
Orc:3:    basic_altar, nicolae_orc_pool_cavern, mines4_lemuel, uniq_josephine,
          uniq_erolcha
Orc:4:    grunt_orc_gardens, grunt_orc_garden, grunt_orc_garden,
          grunt_orc_garden, grunt_orc_garden, basic_altar, bloody_makhleb
IceCv:    ice_cave_small_giant
Volcano:  volcano_caves

Vanquished Creatures
  Rupert Agnes
  A frost giant Maud
  An orc warlord
  A stone giant Nessos
  3 ettins
  A vault guard Josephine
  11 hydras
  A rakshasa Harold
  A naga warrior
  A catoblepas
  An anaconda Erolcha
  A tengu warrior
  A centaur warrior
  A vampire mage
  An ogre mage
  11 death yaks
  A naga sharpshooter
  A deep troll shaman
  A deep elf knight Nergalle
  A shock serpent
  A naga ritualist
  2 skeletal warriors
  3 unseen horrors
  A sea snake
  A necromancer
  A lindwurm Pikel
  8 hill giants
  A salamander
  3 mana vipers
  2 orc knights
  2 griffons
  3 ugly things
  11 cyclopes
  A manticore
  2 centaur zombies
  2 orc sorcerers Joseph
  25 elephants
  An ice statue
  11 black mambas
  11 spiny frogs
  5 gargoyles
  6 komodo dragons
  An efreet
  A yaktaur
  2 yaktaur zombies
  A fire drake
  A queen bee
  18 polar bears
  4 trolls Grinder
  A two-headed ogre
  15 blink frogs
  2 boulder beetles
  A slime creature
  A fire dragon zombie
  5 wraiths
  An ice dragon skeleton
  2 trapdoor spiders
  2 shadows
  The ghost of radek the Conjurer, an amateur DECj
  51 yaks
  4 basilisks
  4 deep elf magi
  2 hungry ghosts Eustachio
  31 wolves
  4 vampire mosquitoes
  A deep elf fighter
  7 wargs
  2 wyverns
  A mottled dragon
  2 steam dragons
  11 hippogriffs
  13 nagas
  A soldier ant
  15 porcupines
  17 water moccasins
  3 ice beasts Purgy
  29 orc warriors
  2 sky beasts
  A phantom
  19 ogres
  4 black bears
  2 slaves
  2 wasps
  4 boggarts
  A necrophage
  17 crocodiles
  21 centaurs
  2 brain worms
  A wyvern zombie
  A scorpion
  14 giant frogs
  A wyvern skeleton
  29 killer bees
  A water moccasin skeleton
  3 wights
  9 electric eels
  2 giant frog zombies
  6 crimson imps
  7 hounds
  32 orc wizards
  9 iguanas
  29 orc priests
  2 centaur skeletons
  2 giant frog skeletons
  5 jellies Jessica
  12 worker ants
  14 sheep
  A hound zombie
  A mummy
  A worker ant zombie
  12 adders
  48 river rats
  2 shadow imps
  4 oozes
  A worm
  167 orcs
  2 ball pythons
  8 goblins
  6 hobgoblins
  14 kobolds
  5 quokkas
  17 bats
  4 giant cockroaches
  3 giant geckos
  2 giant newts
  8 jackals
  10 rats
  A butterfly
  19 fungi
  13 plants
1018 creatures vanquished.
